 Dungeon Crawl Stone Soup version 0.17-a0-1663-gb806841 (webtiles) character file.

12390 Grimur the Cleaver (level 11, -10/101 HPs)
             Began as a Minotaur Berserker on Aug 15, 2015.
             Was a High Priest of Trog.
             Mangled by an orc knight
             ... wielding a +0 great sword
              (21 damage)
             ... in a bailey on Aug 16, 2015.
             The game lasted 01:00:01 (11067 turns).

Grimur the Cleaver (Minotaur Berserker)            Turns: 11067, Time: 01:00:02

Health: -10/101    AC: 11    Str: 27    XL:     11   Next: 61%
Magic:  10/10      EV: 16    Int:  5    God:    Trog [*****.]
Gold:   689        SH:  0    Dex: 11    Spells: 0 memorised, 10 levels left

rFire  . . .     SeeInvis .     G - +2 battleaxe
rCold  . . .     Clarity  +     d - +1 ring mail
rNeg   . . .     SustAt   .     (no shield)
rPois  .         Gourm    .     (helmet restricted)
rElec  .         Spirit   .     (no cloak)
rCorr  .         Warding  .     g - +1 pair of gloves
rMut   .         Stasis   .     r - +0 pair of boots
MR     .....                    l - amulet of clarity
Stlth  +.........               s - +4 ring of strength
                                b - ring of flight

@: exhausted, slowed, very slow, not resistant to hostile enchantments, very
unstealthy
A: retaliatory headbutt, horns 2
a: Burn Spellbooks, Berserk, Trog's Hand, Brothers in Arms, Renounce Religion,
Evoke Flight


You were in a bailey.
You worshipped Trog.
Trog was extremely pleased with you.
You were hungry.

You visited 1 branch of the dungeon, and saw 11 of its levels.
You also visited: Bailey.

You collected 689 gold pieces.

Inventory:

Hand weapons
 a - a +1 hand axe
 e - a +0 spear (quivered)
 k - a +0 flail
 A - a +2 hand crossbow of flaming
 C - a +0 dire flail
 E - a +5 quarterstaff of speed
 G - a +2 battleaxe (weapon)
Missiles
 o - 11 tomahawks
 K - 2 throwing nets
Armour
 d - a +1 ring mail (worn)
 g - a +1 pair of gloves (worn)
 r - a +0 pair of boots (worn)
 B - a troll hide
Jewellery
 b - a ring of flight (left hand)
 l - an amulet of clarity (around neck)
 s - a +4 ring of strength (right hand)
 x - an uncursed ring of see invisible
Magical devices
 h - a wand of random effects (31)
 v - a wand of polymorph (2)
 w - a wand of fire (5)
 z - a wand of confusion (28)
 I - a wand of polymorph (11)
 J - a wand of magic darts (29)
 O - a wand of draining (6)
Scrolls
 f - a scroll of blinking
 m - 5 scrolls of teleportation
 q - 4 scrolls of identify
 u - 5 scrolls of remove curse
 y - a scroll of recharging
 L - 2 scrolls of magic mapping
 M - a scroll of enchant weapon
Potions
 i - 2 potions of flight
 t - 5 potions of lignification
 D - a potion of agility
 F - 2 potions of curing
 H - a potion of haste
Comestibles
 c - 6 bread rations
 j - 15 fruits
 n - 2 slices of pizza
 p - 5 meat rations
 P - 2 chunks of flesh


   Skills:
 * Level 10.3 Fighting
 * Level 11.9(12.3) Axes
 + Level 5.3(9.8) Maces & Flails
 - Level 4.1(5.4) Staves
 + Level 9.4 Armour
 * Level 10.9 Dodging
 + Level 1.1 Stealth
 + Level 0.2 Unarmed Combat
 + Level 0.3 Evocations


You had 10 spell levels left.
You didn't know any spells.

Dungeon Overview and Level Annotations

Branches:
Dungeon (11/15)            Temple (0/1) D:6            Lair (0/8) D:10
    Orc: D:9-12

Altars:
Makhleb
Vehumet
Beogh

Shops:
D:4 =   D:6 ?   D:8 *


Innate Abilities, Weirdness & Mutations

You reflexively headbutt those who attack you in melee.
You have a pair of horns on your head.


Message History

The tomahawk of returning closely misses you.
The weapon returns to the kobold!
The gnoll closely misses you. The gnoll closely misses you.
The kobold throws a tomahawk of returning.
The tomahawk of returning completely misses you.
The orc knight hits you with a great sword!!
* * * LOW HITPOINT WARNING * * *
Drink which item? (? for menu, Esc to quit)
It was a potion of magic.
Magic courses through your body. The gnoll completely misses you.
The gnoll misses you. The orc knight barely misses you.
You furiously retaliate!
You headbutt the orc knight! You slash the kobold!
You kill the kobold!
Trog accepts your kill.
You barely miss the orc knight.
The orc knight is lightly wounded.
The gnoll barely misses you. The gnoll closely misses you.
The orc knight hits you with a great sword!!
You die...

### ### ## '.# #.# #.
#'##'##' #.....#
###.....###
#.'g.⌠..'.# #.o!)g#
o# #..@((## #K#
#'##)##(## #g#.#
#.###(# ### ### ####
### #(# #(###.###)#.#
#.###.#
##(##'##'###'##'##'##
##(†(..## #.....##
###(....#####.....###
#.((.∩..'.#.'..⌠..'.#


You could see an orc knight and 2 gnolls.

Vanquished Creatures
  3 hill giants
  An elephant (D:10)
  2 centaur zombies
  Psyche (D:9)
  The ghost of cireshan the Conjurer, an experienced DECj (D:5)
  A troll (D:10)
  Grinder (D:6)
  Prince Ribbit (D:7)
  A two-headed ogre (D:8)
  Sigmund (D:6)
  A wyvern (D:10)
  A spriggan (D:7)
  11 yaks
  4 hippogriffs
  A deep elf mage (D:7)
  Edmund (D:6)
  The ghost of kae the Conjurer, an average TeFE (D:3)
  2 ice beasts
  3 sky beasts
  2 black bears
  A necrophage (D:7)
  2 centaurs
  An eye of draining (D:9)
  3 ogres
  2 phantoms
  2 crocodiles (D:10)
  A big kobold (D:4)
  2 giant frogs (D:8)
  A water moccasin zombie (D:7)
  3 scorpions
  12 killer bees
  10 wights
  5 crimson imps
  2 giant frog zombies
  3 jellies (D:9)
  3 orc priests
  4 centaur skeletons
  4 iguanas
  Ijyb (D:2)
  6 giant frog skeletons
  2 gnoll shamans
  A quasit (D:9)
  7 hounds
  10 orc wizards
  Terence (D:2)
  Natasha (thrice) (D:2)
  A killer bee zombie (D:6)
  15 worker ants
  A hound zombie (D:9)
  A hound skeleton (D:8)
  2 worker ant zombies
  Robin (D:4)
  11 adders
  21 gnolls
  6 shadow imps
  An ooze (D:2)
  An adder skeleton (D:4)
  3 giant geckos
  46 orcs
  A ball python (D:3)
  10 giant cockroaches
  17 goblins
  13 hobgoblins
  9 bats
  A giant gecko skeleton (D:4)
  2 giant newts (D:2)
  13 jackals
  25 kobolds
  A quokka (D:9)
  A quokka skeleton (D:9)
  8 rats
343 creatures vanquished.

Vanquished Creatures (collateral kills)
  A troll (D:9)
  An orc warrior (D:9)
  A centaur skeleton (D:9)
  2 orcs (D:9)
5 creatures vanquished.

Grand Total: 348 creatures vanquished

Notes
Turn   | Place    | Note
--------------------------------------------------------------
     0 | D:1      | Grimur the Minotaur Berserker began the quest for the Orb.
     0 | D:1      | Reached XP level 1. HP: 19/19 MP: 0/0
   184 | D:1      | Reached skill level 4 in Fighting
   190 | D:1      | Reached XP level 2. HP: 27/27 MP: 1/1
   504 | D:1      | Acquired Trog's second power
   950 | D:2      | Noticed Ijyb
   950 | D:2      | Noticed Terence
   953 | D:2      | Reached XP level 3. HP: 33/33 MP: 2/2
   963 | D:2      | Killed Terence
   966 | D:2      | Killed Ijyb
   966 | D:2      | Reached XP level 4. HP: 22/41 MP: 3/3
  1330 | D:2      | Noticed Natasha
  1343 | D:2      | Killed Natasha
  1356 | D:2      | Noticed Natasha
  1359 | D:2      | Killed Natasha
  1370 | D:2      | Reached XP level 5. HP: 25/47 MP: 4/4
  1404 | D:2      | Noticed Natasha
  1414 | D:2      | Killed Natasha
  1737 | D:2      | Reached skill level 5 in Fighting
  1954 | D:3      | Noticed kae's ghost (average TeFE)
  1959 | D:3      | Killed kae's ghost
  1959 | D:3      | Reached XP level 6. HP: 54/56 MP: 5/5
  2207 | D:3      | Reached skill level 1 in Maces & Flails
  2459 | D:4      | Reached skill level 5 in Axes
  2512 | D:4      | Found a radiant altar of Vehumet.
  2566 | D:4      | Found Jiempeb's Jewellery Shop.
  2805 | D:4      | Reached XP level 7. HP: 61/61 MP: 6/6
  2823 | D:4      | Reached skill level 5 in Armour
  3089 | D:4      | Reached skill level 5 in Dodging
  3243 | D:4      | Noticed Robin
  3249 | D:4      | Killed Robin
  3453 | D:4      | Reached skill level 6 in Fighting
  3565 | D:4      | Acquired Trog's third power
  3704 | D:5      | Entered Level 5 of the Dungeon
  3849 | D:5      | Noticed cireshan's ghost (experienced DECj)
  3869 | D:5      | Killed cireshan's ghost
  3869 | D:5      | Reached XP level 8. HP: 71/71 MP: 7/7
  4631 | D:6      | Noticed Grinder
  4644 | D:6      | Killed Grinder
  4658 | D:6      | Reached skill level 7 in Fighting
  4866 | D:6      | Found a staircase to the Ecumenical Temple.
  4884 | D:6      | Noticed Sigmund
  4887 | D:6      | Noticed a centaur zombie
  4891 | D:6      | Killed Sigmund
  4896 | D:6      | Killed a centaur zombie
  4896 | D:6      | Reached XP level 9. HP: 79/79 MP: 8/8
  4996 | D:6      | Reached skill level 8 in Dodging
  5090 | D:6      | Noticed Edmund
  5101 | D:6      | Killed Edmund
  5102 | D:6      | Found Anemmei's Magic Scroll Emporium.
  5326 | D:6      | Upgraded the game from 0.17-a0-1655-g88a8506 to 0.17-a0-1663-gb806841
  5558 | D:7      | Reached skill level 9 in Dodging
  5596 | D:7      | Noticed Prince Ribbit
  6038 | D:7      | Reached XP level 10. HP: 88/88 MP: 9/9
  6135 | D:7      | Killed Prince Ribbit
  6747 | D:8      | Found Colyjack's Assorted Antiques.
  6884 | D:8      | Reached skill level 5 in Maces & Flails
  6947 | D:8      | Found a burning altar of Makhleb.
  7124 | D:8      | Received a gift from Trog
  7457 | D:9      | Reached skill level 1 in Staves
  7630 | D:9      | Reached skill level 10 in Axes
  7652 | D:9      | Reached skill level 10 in Dodging
  7730 | D:9      | Noticed Psyche
  7741 | D:9      | Killed Psyche
  8099 | D:9      | Received a gift from Trog
  8223 | D:9      | Found a roughly hewn altar of Beogh.
  8404 | D:9      | Reached XP level 11. HP: 97/97 MP: 10/10
  8633 | D:9      | Noticed a hill giant
  8641 | D:9      | Killed a hill giant
  8989 | D:10     | Entered Level 10 of the Dungeon
  9347 | D:10     | Noticed a hill giant
  9359 | D:10     | Killed a hill giant
  9684 | D:10     | Reached skill level 11 in Axes
  9684 | D:10     | Reached skill level 10 in Fighting
  9840 | D:10     | Found a staircase to the Lair.
  9858 | D:10     | Found a burning altar of Makhleb.
  9949 | D:10     | Reached skill level 1 in Stealth
 10030 | D:10     | Noticed a hill giant
 10040 | D:10     | Killed a hill giant
 10934 | D:11     | Found a flagged portal.
 10944 | Bailey   | Entered a bailey
 11067 | Bailey   | Mangled by an orc knight

Vault maps used:
D:1:      lightli_arrival_noodles
D:2:      first_bread, uniq_natasha, uniq_iyjb, uniq_terence
D:4:      vehumet_crystals, serial_shops, shop, minmay_misc_feat_square,
          st_stairs_8, minmay_misc_feat_x, kennysheep_small_spiral,
          minmay_misc_feat_diagonals, uniq_robin
D:5:      zaba_anthole
D:6:      minmay_temple_entry_glass, serial_shops, shop_statue, uniq_grinder,
          uniq_sigmund, uniq_edmund
D:7:      the_bakery, uniq_prince_ribbit1
D:8:      serial_shops, nicolae_shop_overgrown_old_shop, bloody_makhleb
D:9:      special_room, feat_on_display, uniq_psyche
D:10:     david_lair_generic, basic_altar
D:11:     lemuel_flame_loot_2, enter_bailey_2, uniq_harold
Bailey:   bailey_axe_2, bailey

Action                   |  1- 3 |  4- 6 |  7- 9 | 10-12 || total
-------------------------+-------+-------+-------+-------++-------
Melee: Hand axe          |    63 |    87 |   366 |    86 ||   602
       Quarterstaff      |       |       |       |   148 ||   148
       Unarmed           |       |       |       |    14 ||    14
       Battleaxe         |       |       |       |   153 ||   153
Throw: Tomahawk          |       |       |       |     3 ||     3
Invok: Berserk           |     1 |     3 |     6 |    11 ||    21
       Burn Spellbooks   |       |       |     1 |       ||     1
       Brothers in Arms  |       |       |       |     2 ||     2
       Trog's Hand       |       |       |       |     2 ||     2
Evoke: Wand              |       |       |     2 |     6 ||     8
  Use: Scroll            |     3 |     5 |     4 |     5 ||    17
       Potion            |       |     3 |     5 |     4 ||    12
  Eat: Chunk             |       |     6 |    16 |    12 ||    34
       Bread ration      |       |     1 |       |     1 ||     2
       Fruit             |       |       |     1 |     1 ||     2
       Meat ration       |       |       |       |     2 ||     2
